 Dungeon Crawl Stone Soup version 0.23-a0-831-g5da158a (console) character file.

60 Duffy the Chopper (level 4, 42/42 HPs)
             Began as a Naga Fighter on Jan 23, 2019.
             Was an Initiate of Gozag.
             Quit the game on level 2 of the Dungeon.
             The game lasted 00:01:13 (1834 turns).

Duffy the Chopper (Naga Fighter)                    Turns: 1834, Time: 00:01:13

Health: 42/42      AC:  4    Str: 19    XL:     4   Next: 6%
Magic:  4/4        EV:  6    Int:  9    God:    Gozag
Gold:   159        SH:  9    Dex: 10    Spells: 3/3 levels left

rFire    . . .     SeeInvis +   a - +0 war axe
rCold    . . .     Gourm    .   c - +0 shield
rNeg     . . .     Faith    .   e - +0 ring mail
rPois    +         Spirit   .   (no helmet)
rElec    .         Reflect  .   (no cloak)
rCorr    .         Harm     .   (no gloves)
MR       .....                  (no barding)
Stlth    ..........             (no amulet)
HPRegen  0.14/turn              (no ring)
MPRegen  0.09/turn              (no ring)

@: very slow
A: large, see invisible, deformed body, poison resistance, slowness 2, slow
metabolism 1, spit poison 1, AC +1
a: Spit Poison, Potion Petition, Call Merchant, Bribe Branch, Renounce Religion


You were on level 2 of the Dungeon.
You worshipped Gozag.
Gozag was aware of your devotion.
You were very hungry.

You visited 1 branch of the dungeon, and saw 2 of its levels.

You collected 202 gold pieces.
You paid 43 gold pieces to Gozag.

Inventory:

Hand Weapons
 a - a +0 war axe (weapon)
Armour
 b - a +0 scale mail
 c - a +0 shield (worn)
 e - a +0 ring mail (worn)
Scrolls
 i - a scroll of immolation {unknown}
 k - 2 scrolls of identify {unknown}
 l - a scroll of blinking {unknown}
 m - a scroll of enchant weapon {unknown}
 n - a scroll of magic mapping {unknown}
 p - a scroll of remove curse {unknown}
Potions
 d - a potion of might
 g - a potion of invisibility {unknown}
 h - a potion of heal wounds {unknown}
 j - a potion of cancellation {unknown}
Comestibles
 f - 5 rations


   Skills:
 - Level 3.0 Fighting
 + Level 3.2 Axes
 - Level 2.4 Armour
 + Level 3.2 Shields


You had 3 spell levels left.
You didn't know any spells.
Your spell library was empty.

Dungeon Overview and Level Annotations

Branches:
Dungeon (2/15)

Altars:
Gozag


Innate Abilities, Weirdness & Mutations

You cannot wear boots.
Your serpentine skin is tough. (AC +1)
You have supernaturally acute eyesight. (SInv)
Armour fits poorly on your strangely shaped body.
Your system is resistant to poisons. (rPois)
You cover ground very slowly.
You have a slow metabolism.
You can spit poison.


Message History

No target in view!
No target in view!
No target in view!
No target in view!
No target in view!
You now have 152 gold pieces (gained 7).
A rat comes into view.
A rat is nearby!
A rat is nearby!
A rat is nearby!
You slash the rat!
You kill the rat!
No target in view!
You now have 159 gold pieces (gained 7).
You are feeling very hungry.
You see here 18 arrows.
You open the door.
There is an open door here.
A kobold comes into view. It is wielding a +0 dagger.
Are you sure you want to abandon this character and quit the game? (Confirm with "yes".)

........#.................#.#####.#
........#........K..........# #.#
........########..##...##+### #.#
##......# #..##.......# #.#
#......# #<.##.......# #.# #....###
##.##.......# #.# #....#
#.##.......# #.# #....#
#.##.......# #....#
#@##...##.######### ##....#
#.#######.......... .'....# #.#
########### ##....# #.# #....# #.#
####.# #.# ####.# #.# #....# #.#
#.#### $


You could see a kobold (wandering).

Vanquished Creatures
  3 adders (D:2)
  An ooze (D:1)
  A worm (D:2)
  A dart slug (D:2)
  3 giant cockroaches
  3 jackals (D:2)
  2 kobolds (D:1)
  6 bats
  2 frilled lizards
  3 goblins
  5 rats (D:2)
30 creatures vanquished.

Notes
Turn   | Place    | Note
-------+----------+-------------------------------------------
     0 | D:1      | Duffy the Naga Fighter began the quest for the Orb.
     0 | D:1      | Reached XP level 1. HP: 21/21 MP: 1/1
   223 | D:1      | Reached XP level 2. HP: 28/28 MP: 2/2
   777 | D:1      | You fall through a shaft!
   792 | D:2      | Reached XP level 3. HP: 31/34 MP: 3/3
  1345 | D:2      | Found an opulent altar of Gozag.
  1386 | D:2      | Became a worshipper of Gozag Ym Sagoz the Greedy
  1680 | D:2      | Reached XP level 4. HP: 40/42 MP: 4/4
  1834 | D:2      | Quit the game

Vault maps used:
D:1:      dpeg_arrival_ternary, st_stairs_5
D:2:      grunt_gozag_breadcrumbs

Skill      XL: |  1  2  3 |
---------------+----------+-----
Shields        | 3 |  3.2
Axes           | 3 |  3.2
Fighting       | |  3.0
Armour         | |  2.4

Action                   |  1- 3 |  4- 6 || total
-------------------------+-------+-------++-------
Melee: War axe           |    89 |     2 ||    91
 Abil: Spit Poison       |     1 |       ||     1
  Eat: Chunk             |     1 |       ||     1
Armor: Scale mail        |     7 |       ||     7
       Ring mail         |    33 |       ||    33
Dodge: Dodged            |    29 |       ||    29
Block: Shield            |    62 |       ||    62

Table legend:
 A = Non-vault XP
 B = Vault XP
 C = Vault XP percentage of total XP
 D = Non-vault monster count
 E = Vault monster count
 F = Vault count percentage of total count
                 A         B        C        D         E       F
            +---------+---------+-------+---------+---------+-------
      Total |      84 |       3 |   3.4 |      28 |       2 |   6.7
            +---------+---------+-------+---------+---------+-------
        D:1 |      17 |       3 |  15.0 |       9 |       2 |  18.2
        D:2 |      67 |       0 |   0.0 |      19 |       0 |   0.0
            +---------+---------+-------+---------+---------+-------
